 Dungeon Crawl Stone Soup version 0.24-a0-136-gad582e5 (webtiles) character file.

Game seed: 8255435839566791184

14765 JeffiDaFish the Cleaver (level 11, -3/99 HPs)
             Began as a Minotaur Berserker on Feb 28, 2019.
             Was a High Priest of Trog.
             Succumbed to a redback's poison
             ... in a Gauntlet.
             The game lasted 00:18:04 (9818 turns).

JeffiDaFish the Cleaver (Minotaur Berserker)        Turns: 9818, Time: 00:18:05

Health: -3/99      AC: 22    Str: 24 (25) XL:     11   Next: 93%
Magic:  10/10      EV: 26    Int:  3 (4)  God:    Trog [*****.]
Gold:   671        SH:  0    Dex: 11 (12) Spells: 10/10 levels left

rFire    . . .     SeeInvis .   y - +4 war axe
rCold    . . .     Gourm    .   (no shield)
rNeg     . . .     Faith    .   u - +0 plate armour
rPois    .         Spirit   .   (helmet restricted)
rElec    .         Reflect  .   D - +0 cloak
rCorr    .         Harm     .   o - +0 pair of gloves
MR       +....     NoTele   +   x - +0 pair of boots
Stlth    ..........             w - amulet of the acrobat
HPRegen  0.26/turn              q - ring of stealth
MPRegen  0.12/turn              A - ring of protection from magic

@: lethally poisoned (-3 -> -99), berserk cooldown, acrobat, slowed, very slow
A: retaliatory headbutt, hooves 1, horns 2, molten scales 1, agile 1, sense
surroundings 1
a: Berserk, Trog's Hand, Brothers in Arms, Renounce Religion


You were in a Gauntlet.
You worshipped Trog.
Trog was extremely pleased with you.
You were near starving.

You visited 3 branches of the dungeon, and saw 13 of its levels.
You also visited: Gauntlet.

You collected 671 gold pieces.

Inventory:

Hand Weapons
 y - a +4 war axe (weapon)
Armour
 o - a +0 pair of gloves (worn)
 u - a +0 plate armour (worn)
 x - a +0 pair of boots (worn)
 D - a +0 cloak (worn)
Jewellery
 q - a ring of stealth (left hand)
 w - an amulet of the acrobat (around neck)
 z - an amulet of Ymnics {Reflect *Slow Int+7 SH+5, unknown}
   (You found it in a Gauntlet)

   [amulet of reflection]

   It shields you and reflects attacks.
   It affects your intelligence (+7).
   It may slow you when you take damage.
   It affects your SH (+5).
 A - a ring of protection from magic (right hand)
Wands
 f - a wand of iceblast (15)
 k - a wand of enslavement (1)
 l - a wand of digging (9)
 p - a wand of paralysis (12)
 r - a wand of flame (66)
 v - a wand of acid (7)
Scrolls
 a - a scroll of immolation {unknown}
 b - 3 scrolls of fog
 e - 8 scrolls of remove curse
 i - 8 scrolls of teleportation
 j - 13 scrolls of identify
 m - a scroll of blinking
 s - 2 scrolls of fear
 t - a scroll of magic mapping
Potions
 d - 2 potions of might
 g - a potion of magic
 h - 9 potions of curing
 n - 2 potions of flight
 B - a potion of agility
 C - a potion of brilliance
Comestibles
 c - 29 rations


   Skills:
 + Level 10.1 Fighting
 * Level 13.5 Axes
 * Level 13.2 Armour
 + Level 9.1 Dodging


You had 10 spell levels left.
You didn't know any spells.
Your spell library was empty.

Dungeon Overview and Level Annotations

Branches:
Dungeon (10/15)            Temple (1/1) D:7            Lair (2/6) D:8
  Swamp: Lair:2-4    Shoals: Lair:2-4     Snake: Lair:2-4    Spider: Lair:2-4
    Orc: D:9-12

Altars:
Ashenzari
Cheibriados
Dithmenos
Elyvilon
Fedhas
Gozag
Hepliaklqana
Makhleb
Okawaru
Qazlal
Sif Muna
Trog
Uskayaw
Vehumet
Xom
Yredelemnul

Shops:
D:7 :

Annotations:
Gauntlet 7 transporters, 12 runed translucent doors


Innate Abilities, Weirdness & Mutations

You reflexively headbutt those who attack you in melee.
You have a pair of horns on your head.
You have large cloven feet.
You are partially covered in molten scales. (AC +2)
You are agile. (Dex +2)
You passively map a small area around you.


Message History

You feel very sick.
You slash the moth of wrath!
The moth of wrath is severely wounded.
* * * LOW HITPOINT WARNING * * *
You feel very sick.
The moth of wrath bites you but does no damage.
You slice the moth of wrath!!
You kill the moth of wrath!
Trog accepts your kill.
* * * LOW HITPOINT WARNING * * *
You feel very sick.
You are too berserk!
* * * LOW HITPOINT WARNING * * *
You feel very sick.
You are too berserk!
You feel a strong urge to attack something.
You are no longer berserk.
You are exhausted.
You feel yourself slow down.
You die...

.+...#.#..........#8#
.+...#.#..........#####
######.#########.....≈##
.....#........©#......#8
######.#############..#
.#...#.#.#ss.......#..#
..#..#.#.#sy##†##..#..#
..##?#.#.#.#..#†.#.#..#
.##.$#.#.#.#..#©@#.#..#≈8≈
©b#.©#©#.#..#####..#..#...
*
.##..###.#.#..#..#.####.8.
*
..##=#...#.#..#..#.#©.....
..#..#...#..##.##..####.8.
.#...#...#..|?©.[..#..#...
######...###########..#.8.
.......≈.............≈#...
......≈8≈............∩#.8.
*


There were no monsters in sight!

Vanquished Creatures
  Fannar (D:10)
  Erolcha (D:10)
  A two-headed ogre (D:9)
  A soul eater (Gauntlet)
  2 large abominations (Gauntlet)
  Pikel (D:6)
  A wolf spider (Gauntlet)
  A cyclops (D:10)
  A moth of wrath (Gauntlet)
  Maurice (D:10)
  Joseph (D:7)
  A spiny frog (Lair:1)
  2 komodo dragons
  A tengu conjurer (D:10)
  Grinder (D:4)
  3 hippogriffs
  4 redbacks (Gauntlet)
  4 small abominations (Gauntlet)
  6 yaks (D:10)
  2 basilisks (D:8)
  Duvessa (D:6)
  A water moccasin (Lair:2)
  2 black bears (D:8)
  6 porcupines
  2 slaves (D:6)
  3 orc warriors
  An ice beast (D:5)
  3 wolves (D:8)
  An ogre (D:9)
  3 phantoms
  3 centaurs
  A crocodile (D:8)
  4 bullfrogs
  Dowan (D:6)
  2 scorpions (D:9)
  13 killer bees
  4 wights (D:8)
  3 howler monkeys
  A crimson imp (D:8)
  A bullfrog zombie (D:6)
  2 centaur zombies
  2 quasits
  3 orc priests
  6 hounds
  2 bullfrog skeletons
  4 orc wizards
  Jessica (D:3)
  3 iguanas
  7 worker ants
  A howler monkey zombie (D:5)
  A howler monkey skeleton (D:8)
  8 adders
  4 shadow imps
  2 oozes
  2 adder skeletons
  An adder zombie (D:8)
  A worm (D:2)
  A dart slug (D:3)
  5 leopard geckos
  18 orcs
  A ball python (D:1)
  8 giant cockroaches
  2 gnoll zombies (D:7)
  9 goblins
  10 hobgoblins
  12 jackals
  8 kobolds
  3 quokkas
  7 bats
  5 frilled lizards
  2 jackal skeletons
  A leopard gecko skeleton (D:4)
  6 rats
  A plant (D:8)
241 creatures vanquished.

Vanquished Creatures (others)
  7 fungi
  12 plants (Gauntlet)
19 creatures vanquished.

Grand Total: 260 creatures vanquished

Notes
Turn   | Place    | Note
-------+----------+-------------------------------------------
     0 | D:1      | JeffiDaFish the Minotaur Berserker began the quest for the
                  | Orb.
     0 | D:1      | Reached XP level 1. HP: 19/19 MP: 0/0
     0 | D:1      | Noticed a human
     5 | D:1      | Noticed a spriggan
    11 | D:1      | Noticed a draconian
    15 | D:1      | Noticed a centaur
    15 | D:1      | Noticed an ogre
    17 | D:1      | Noticed a merfolk zombie
    19 | D:1      | Noticed a gargoyle
   159 | D:1      | Reached XP level 2. HP: 26/27 MP: 1/1
   940 | D:2      | Reached XP level 3. HP: 29/33 MP: 2/2
  1087 | D:2      | Reached ** piety under Trog
  1564 | D:3      | Reached XP level 4. HP: 32/40 MP: 3/3
  1888 | D:3      | Found a bloodstained altar of Trog.
  1905 | D:3      | Reached skill level 5 in Axes
  1905 | D:3      | Reached XP level 5. HP: 47/47 MP: 4/4
  1970 | D:3      | Noticed Jessica
  1975 | D:3      | Killed Jessica
  2247 | D:3      | Reached *** piety under Trog
  2527 | D:4      | Reached XP level 6. HP: 53/53 MP: 5/5
  2638 | D:5      | Entered Level 5 of the Dungeon
  2647 | D:5      | Reached skill level 5 in Armour
  2953 | D:5      | Reached skill level 5 in Fighting
  3101 | D:5      | Noticed an ice beast
  3108 | D:5      | Killed an ice beast
  3108 | D:5      | Reached XP level 7. HP: 59/61 MP: 6/6
  3259 | D:4      | Noticed Grinder
  3271 | D:4      | Paralysed by Grinder for 3 turns
  3275 | D:4      | Killed Grinder
  3758 | D:4      | Found a burning altar of Makhleb.
  3945 | D:6      | Noticed Duvessa
  3953 | D:6      | Killed Duvessa
  3953 | D:6      | Reached XP level 8. HP: 69/70 MP: 7/7
  3959 | D:6      | Noticed Dowan
  3964 | D:6      | Killed Dowan
  3971 | D:6      | Reached **** piety under Trog
  4117 | D:6      | Noticed Pikel
  4133 | D:6      | Killed Pikel
  4133 | D:6      | Reached skill level 5 in Dodging
  4224 | D:6      | Found a stormy altar of Qazlal.
  4867 | D:7      | Reached XP level 9. HP: 76/78 MP: 8/8
  4920 | D:7      | Found a staircase to the Ecumenical Temple.
  4926 | Temple   | Entered the Ecumenical Temple
  4938 | D:7      | Found Nis Dips's Book Boutique.
  5027 | D:7      | Found a radiant altar of Vehumet.
  5037 | D:7      | Found a hide-covered altar of Uskayaw.
  5046 | D:7      | Found a hazy altar of Hepliaklqana.
  5235 | D:7      | Noticed Joseph
  5245 | D:7      | Killed Joseph
  5495 | D:7      | Found a basalt altar of Yredelemnul.
  5538 | D:8      | Found a staircase to the Lair.
  5547 | D:8      | Reached skill level 10 in Axes
  5553 | D:8      | Reached skill level 10 in Armour
  5556 | D:8      | HP: 5/121 [porcupine's spines (8)]
  5916 | D:8      | Reached XP level 10. HP: 85/88 MP: 9/9
  6080 | D:8      | Found a shimmering altar of Xom.
  6191 | D:8      | Found a white marble altar of Elyvilon.
  6353 | D:9      | Noticed a two-headed ogre
  6364 | D:9      | Killed a two-headed ogre
  6618 | D:9      | Gained mutation: You passively map a small area around you.
                  | [potion of mutation]
  6618 | D:9      | Gained mutation: You are agile. (Dex +2) [potion of
                  | mutation]
  6618 | D:9      | Gained mutation: You are partially covered in molten
                  | scales. (AC +2) [potion of mutation]
  6618 | D:9      | Gained mutation: You have large cloven feet. [potion of
                  | mutation]
  6630 | D:9      | Reached ***** piety under Trog
  6960 | D:10     | Entered Level 10 of the Dungeon
  7096 | D:10     | Noticed Maurice
  7370 | D:10     | Reached XP level 11. HP: 45/97 MP: 10/10
  7823 | D:10     | Noticed Erolcha
  7832 | D:10     | Killed Erolcha
  7985 | D:10     | Noticed Fannar
  7995 | D:10     | Killed Fannar
  8198 | D:10     | Paralysed by something for 7 turns
  8215 | D:10     | Killed Maurice
  8327 | Lair:1   | Entered Level 1 of the Lair of Beasts
  8374 | Lair:1   | Received a gift from Trog
  9051 | Lair:2   | Found a gate leading to a gauntlet.
  9072 | Gauntlet | Entered a Gauntlet
  9072 | Gauntlet | Found a transporter.
  9072 | Gauntlet | Found a transporter.
  9293 | Gauntlet | Found a transporter.
  9293 | Gauntlet | Found a transporter.
  9299 | Gauntlet | Noticed a soul eater
  9302 | Gauntlet | Found a transporter.
  9309 | Gauntlet | Noticed a death yak
  9311 | Gauntlet | Noticed a death yak
  9312 | Gauntlet | Noticed a death yak
  9313 | Gauntlet | Noticed a hell hog
  9314 | Gauntlet | Found a transporter.
  9314 | Gauntlet | Noticed a necromancer
  9314 | Gauntlet | Noticed a death yak
  9317 | Gauntlet | Noticed a wolf spider
  9319 | Gauntlet | Found a transporter.
  9319 | Gauntlet | Found a transporter.
  9319 | Gauntlet | Noticed a dire elephant
  9323 | Gauntlet | Found a transporter.
  9355 | Gauntlet | Found a transporter.
  9418 | Gauntlet | Killed a soul eater
  9693 | Gauntlet | Found a transporter.
  9695 | Gauntlet | Found a large runed translucent door.
  9696 | Gauntlet | Found a large runed translucent door.
  9697 | Gauntlet | Found a large runed translucent door.
  9697 | Gauntlet | Found a large runed translucent door.
  9697 | Gauntlet | Found a runed translucent door.
  9697 | Gauntlet | Found a runed translucent door.
  9698 | Gauntlet | Found a large runed translucent door.
  9699 | Gauntlet | Found a large runed translucent door.
  9700 | Gauntlet | Found a large runed translucent door.
  9700 | Gauntlet | Found a large runed translucent door.
  9701 | Gauntlet | Found a large runed translucent door.
  9701 | Gauntlet | Found a large runed translucent door.
  9701 | Gauntlet | Found a large runed translucent door.
  9701 | Gauntlet | Found a large runed translucent door.
  9702 | Gauntlet | Found a large runed translucent door.
  9702 | Gauntlet | Found a large runed translucent door.
  9703 | Gauntlet | Found a large runed translucent door.
  9703 | Gauntlet | Found a large runed translucent door.
  9707 | Gauntlet | Noticed a large abomination
  9707 | Gauntlet | Noticed a large abomination
  9707 | Gauntlet | Found a runed translucent gate.
  9707 | Gauntlet | Found a runed translucent gate.
  9707 | Gauntlet | Found a runed translucent gate.
  9712 | Gauntlet | Found a transporter.
  9732 | Gauntlet | Killed a large abomination
  9734 | Gauntlet | Killed a large abomination
  9736 | Gauntlet | Reached skill level 10 in Fighting
  9754 | Gauntlet | Got a brightly glowing brass amulet
  9797 | Gauntlet | Killed a wolf spider
  9816 | Gauntlet | HP: 7/148 [poisoned by a redback]
  9817 | Gauntlet | HP: 1/148 [poisoned by a redback]
  9818 | Gauntlet | Succumbed to a redback's poison

Levels and vault maps discovered:
D:1:      shiori_arrival_whats_in_store_for_you, layout_basic
D:2:      layout_loops_ring
D:3:      layout_basic, bloody_trog, uniq_jessica
D:4:      layout_basic, lemuel_crystal_altar, nicolae_ossuary_entry_plus,
          uniq_grinder
D:5:      corexii_shack_village, layout_rooms, first_ration
D:6:      layout_basic, nicolae_qazlal_eye_of_the_storm, serial_bayou_pond_d,
          uniq_duvessa, uniq_pikel
D:7:      layout_loops_ring, lemuel_zombie_altar_yredelemnul,
          minmay_overflow_temple_star_quad, minmay_temple_entry_enclosed_plants,
          serial_shops, shop, uniq_joseph
D:8:      layout_rooms, elyvilon_altar_3, lemuel_crystal_altar,
          minmay_lair_entry_grove
D:9:      layout_basic
D:10:     layout_loops_cross, grunt_tengu_nest, uniq_maurice, uniq_fannar,
          uniq_erolcha
Temple:   eino_temple_lava
Lair:1:   layout_roguey, chequers_serial_rivers_small_a
Lair:2:   beast_lair_carwin_large_3, layout_loops_ring,
          spider_nest_entry_rubble, gauntlet_entry_generic,
          kennysheep_snail_temple, minmay_lair_oklob_chamber
Gauntlet: gammafunk_gauntlet_branching [gammafunk_gauntlet_arena_corners,
          gammafunk_gauntlet_arena_hedges,
          minmay_gauntlet_arena_make_your_own_arena,
          gammafunk_gauntlet_arena_chambers, gammafunk_gauntlet_arena_teeth,
          gammafunk_gauntlet_arena_arrow_garden,
          nicolae_gauntlet_arena_quarters, gammafunk_gauntlet_arena_crates,
          gauntlet_exit_watery]

Skill      XL: |  1  2  3  4  5  6  7  8  9 10 11 |
---------------+----------------------------------+-----
Axes           | 4 5 6 7 9 10 12 13 | 13.5
Armour         | 3 4 5 6 8 10 11 13 | 13.2
Fighting       | 4 5 6 7 9 10 | 10.1
Dodging        | 3 4 5 6 8 9 |  9.1

Action                   |  1- 3 |  4- 6 |  7- 9 | 10-12 || total
-------------------------+-------+-------+-------+-------++-------
Melee: Hand axe          |    82 |   132 |       |       ||   214
       Headbutt          |    14 |    14 |    39 |    60 ||   127
       War axe           |       |    10 |     1 |   256 ||   267
       Broad axe         |       |       |   169 |    21 ||   190
Invok: Berserk           |       |     1 |     4 |     7 ||    12
Evoke: Wand              |       |       |       |     6 ||     6
  Use: Scroll            |     7 |     3 |       |     2 ||    12
       Potion            |     3 |     3 |       |     7 ||    13
  Eat: Chunk             |     2 |     6 |    12 |    15 ||    35
       Ration            |       |       |       |     1 ||     1
Armor: Animal skin       |     2 |       |       |       ||     2
       Skin              |     2 |       |       |       ||     2
       Ring mail         |    21 |    19 |       |       ||    40
       Chain mail        |       |    55 |   108 |    29 ||   192
       Plate armour      |       |       |       |   114 ||   114
Dodge: Dodged            |    59 |    85 |   101 |   168 ||   413

Table legend:
 A = Non-vault XP
 B = Vault XP
 C = Vault XP percentage of total XP
 D = Non-vault monster count
 E = Vault monster count
 F = Vault count percentage of total count
                 A         B        C        D         E       F
            +---------+---------+-------+---------+---------+-------
      Total |   10088 |   11006 |  52.2 |     191 |      47 |  19.7
            +---------+---------+-------+---------+---------+-------
        D:1 |      30 |       0 |   0.0 |      18 |       0 |   0.0
        D:2 |      56 |       0 |   0.0 |      26 |       0 |   0.0
        D:3 |     182 |      37 |  16.9 |      31 |       1 |   3.1
        D:4 |     162 |     281 |  63.4 |       9 |       1 |  10.0
        D:5 |     406 |      14 |   3.3 |      16 |       7 |  30.4
        D:6 |     529 |     851 |  61.7 |      12 |       3 |  20.0
        D:7 |     852 |     479 |  36.0 |      19 |       3 |  13.6
        D:8 |     647 |    1565 |  70.8 |      16 |      12 |  42.9
        D:9 |    1764 |       0 |   0.0 |      11 |       0 |   0.0
       D:10 |    3643 |    2831 |  43.7 |      25 |       4 |  13.8
     Lair:1 |    1315 |       0 |   0.0 |       6 |       0 |   0.0
     Lair:2 |     502 |       0 |   0.0 |       2 |       0 |   0.0
   Gauntlet |       0 |    4948 | 100.0 |       0 |      16 | 100.0
            +---------+---------+-------+---------+---------+-------
